General information
- name: BNet
- type: Ladder team game (AT/RT)
- host: Battle.net
- saver: CHRISTMASTIME
map: Cherryville
- players: 8
- length: 26:38
- speed: Fast
- version: 1.26 W3XP
- replay type: Public
» download(141 KB)
Players
team 1 (loser)
Kim.Jong.Il (
red | 63 APM | 1665 actions | 26:35)
5 Archmage
3 Summon Water Elemental
2 Brilliance Aura
» actions
| Assign group hotkey | 134 | |
| Basic commands | 89 | |
| Build / train | 90 | |
| Enter build submenu | 28 | |
| Enter hero's abilities submenu | 5 | |
| Give item / drop item | 6 | |
| Right click | 647 | |
| Select / deselect | 331 | |
| Select group hotkey | 272 | |
| Use ability | 63 | |
1665 total
» units
| Peasant | 17 | |
| Footman | 7 | |
| Gryphon Rider | 12 | |
| Goblin Shredder | 1 | |
37 total
» upgrades
| Swords | 3 | |
| Masonry | 3 | |
| Animal War Training | 1 | |
| Storm Hammers | 1 | |
| Armor | 3 | |
| Gunpowder | 1 | |
| Plating | 2 | |
| Magic Sentry | 1 | |
15 total
» buildings
| Altar of Kings | 1 | |
| Barracks | 1 | |
| Farm | 13 | |
| Keep | 1 | |
| Lumber Mill | 1 | |
| Arcane Vault | 1 | |
| Blacksmith | 1 | |
| Castle | 2 | |
| Gryphon Aviary | 2 | |
| Town Hall | 1 | |
| Scout Tower | 9 | |
| Guard Tower | 16 | |
| Arcane Sanctum | 1 | |
50 total
» build order
00:05 Altar of Kings
00:08 Barracks
00:13 Farm
01:21 Farm
03:03 Farm
03:06 Farm
03:32 Keep
04:31 Lumber Mill
04:43 Arcane Vault
05:14 Blacksmith
06:24 Castle
06:28 Gryphon Aviary
06:30 Gryphon Aviary
07:12 Town Hall
08:52 Farm
08:55 Farm
09:22 Scout Tower
09:23 Scout Tower
09:24 Scout Tower
09:25 Scout Tower
10:06 Guard Tower
10:19 Guard Tower
10:19 Guard Tower
11:01 Farm
11:05 Guard Tower
11:06 Guard Tower
11:48 Guard Tower
11:48 Guard Tower
12:27 Farm
12:29 Farm
12:52 Scout Tower
12:54 Scout Tower
12:55 Scout Tower
15:44 Farm
15:45 Farm
17:49 Farm
17:51 Farm
19:01 Guard Tower
19:01 Guard Tower
19:02 Guard Tower
19:04 Scout Tower
19:06 Scout Tower
19:45 Guard Tower
19:58 Arcane Sanctum
21:49 Guard Tower
» items
| Boots of Speed | 1 | |
| Staff of Teleportation | 1 | |
| Scroll of Regeneration | 6 | |
| Scroll of Healing | 1 | |
| Scroll of Town Portal | 2 | |
| Potion of Healing | 1 | |
12 total
warpstalker (
orange | 15 APM | 372 actions | 25:21)
4 Priestess of the Moon
2 Searing Arrows
2 Trueshot Aura
» actions
| Basic commands | 77 | |
| Build / train | 82 | |
| Enter build submenu | 21 | |
| Enter hero's abilities submenu | 4 | |
| Right click | 11 | |
| Select / deselect | 141 | |
| Use ability | 36 | |
372 total
» units
| Wisp | 9 | |
| Archer | 18 | |
| Huntress | 18 | |
| Mountain Giant | 8 | |
| Faerie Dragon | 5 | |
58 total
» upgrades
| Ultravision | 1 | |
| Strength of the Moon | 2 | |
| Moon Armor | 2 | |
| Reinforced Hides | 2 | |
| Druid of the Claw Training | 1 | |
| Upgrade Moon Glaive | 2 | |
| Improved Bows | 2 | |
| Marksmanship | 2 | |
| Strength of the Wild | 1 | |
| Hardened Skin | 1 | |
| Resistant Skin | 1 | |
17 total
» buildings
| Moon Well | 7 | |
| Altar of Elders | 2 | |
| Ancient of War | 2 | |
| Tree of Ages | 1 | |
| Hunter's Hall | 1 | |
| Ancient of Lore | 1 | |
| Tree of Eternity | 1 | |
| Ancient of Wind | 1 | |
| Ancient of Wonders | 1 | |
| Ancient Protector | 1 | |
| Tree of Life | 2 | |
20 total
» build order
00:21 Moon Well
01:03 Altar of Elders
01:59 Moon Well
02:23 Ancient of War
03:18 Moon Well
03:53 Moon Well
03:55 Tree of Ages
05:06 Moon Well
05:10 Moon Well
05:28 Hunter's Hall
06:33 Moon Well
06:39 Ancient of Lore
06:44 Tree of Eternity
06:50 Ancient of Wind
08:29 Ancient of Wonders
09:18 Ancient Protector
10:33 Ancient of War
18:39 Tree of Life
20:07 Tree of Life
22:50 Altar of Elders

»
BLAizED (
purple | 45 APM | 1135 actions | 25:29)
5 Warden
3 Shadow Strike
1 Fan of Knives
1 Blink
4 Goblin Alchemist
2 Healing Spray
2 Acid Bomb
» actions
| Assign group hotkey | 18 | |
| Basic commands | 80 | |
| Build / train | 55 | |
| Enter build submenu | 22 | |
| Enter hero's abilities submenu | 9 | |
| Give item / drop item | 4 | |
| Remove unit from queue | 2 | |
| Right click | 542 | |
| Select / deselect | 202 | |
| Select group hotkey | 142 | |
| Use ability | 59 | |
1135 total
» units
| Wisp | 11 | |
| Archer | 8 | |
| Huntress | 4 | |
| Dryad | 4 | |
| Mountain Giant | 2 | |
29 total
» upgrades
| Strength of the Moon | 2 | |
| Moon Armor | 2 | |
| Strength of the Wild | 2 | |
| Reinforced Hides | 1 | |
7 total
» buildings
| Altar of Elders | 2 | |
| Moon Well | 10 | |
| Ancient of War | 2 | |
| Hunter's Hall | 1 | |
| Ancient of Wonders | 1 | |
| Tree of Ages | 1 | |
| Ancient of Lore | 1 | |
| Tree of Life | 2 | |
20 total
» build order
00:11 Altar of Elders
00:14 Moon Well
01:10 Ancient of War
02:20 Moon Well
04:04 Moon Well
04:32 Hunter's Hall
06:17 Ancient of Wonders
06:20 Tree of Ages
07:05 Moon Well
08:57 Moon Well
09:55 Ancient of Lore
17:14 Moon Well
19:02 Tree of Life
21:36 Ancient of War
21:38 Altar of Elders
21:44 Moon Well
21:49 Moon Well
22:52 Moon Well
25:12 Tree of Life
25:17 Moon Well
» items
| Potion of Healing | 2 | |
| Potion of Mana | 2 | |
4 total

»
daci-travkeyes (
blue | 27 APM | 617 actions | 22:46)
4 Lich
2 Frost Nova
1 Frost Armor
1 Dark Ritual
» actions
| Assign group hotkey | 7 | |
| Basic commands | 23 | |
| Build / train | 64 | |
| Enter build submenu | 15 | |
| Enter hero's abilities submenu | 4 | |
| Right click | 234 | |
| Select / deselect | 174 | |
| Select group hotkey | 70 | |
| Use ability | 26 | |
617 total
» units
| Acolyte | 7 | |
| Ghoul | 19 | |
| Crypt Fiend | 22 | |
| Goblin Sapper | 2 | |
50 total
» upgrades
| Creature Attack | 2 | |
| Creature Carapace | 2 | |
| Web | 1 | |
5 total
» buildings
| Ziggurat | 9 | |
| Altar of Darkness | 1 | |
| Graveyard | 1 | |
| Crypt | 2 | |
| Halls of the Dead | 1 | |
| Black Citadel | 1 | |
| Nerubian Tower | 2 | |
17 total
» build order
00:09 Ziggurat
00:17 Altar of Darkness
01:00 Graveyard
01:06 Crypt
01:34 Ziggurat
02:08 Ziggurat
02:32 Crypt
04:41 Ziggurat
04:45 Ziggurat
05:19 Halls of the Dead
10:49 Ziggurat
10:51 Ziggurat
10:53 Ziggurat
15:01 Ziggurat
16:35 Black Citadel
18:45 Nerubian Tower
18:45 Nerubian Tower
team 2 (winner)
CHRISTMASTIME (
green | 55 APM | 1470 actions | 26:38)
8 Mountain King
3 Storm Bolt
2 Bash
1 Avatar
2 Thunder Clap
» actions
| Assign group hotkey | 24 | |
| Basic commands | 10 | |
| Build / train | 79 | |
| Enter build submenu | 24 | |
| Enter hero's abilities submenu | 8 | |
| Give item / drop item | 5 | |
| Right click | 546 | |
| Select / deselect | 200 | |
| Select group hotkey | 477 | |
| Use ability | 97 | |
1470 total
» units
| Peasant | 13 | |
| Footman | 6 | |
| Goblin Shredder | 2 | |
| Gryphon Rider | 5 | |
| Banshee | 1 | |
| Necromancer | 3 | |
30 total
» upgrades
| Masonry | 3 | |
| Swords | 3 | |
| Armor | 3 | |
| Storm Hammers | 1 | |
| Animal War Training | 1 | |
11 total
» buildings
| Altar of Kings | 1 | |
| Barracks | 1 | |
| Farm | 15 | |
| Scout Tower | 39 | |
| Arcane Vault | 2 | |
| Arcane Tower | 1 | |
| Town Hall | 2 | |
| Lumber Mill | 2 | |
| Guard Tower | 12 | |
| Keep | 2 | |
| Blacksmith | 1 | |
| Castle | 1 | |
| Gryphon Aviary | 3 | |
82 total
» build order
00:09 Altar of Kings
00:21 Barracks
00:37 Farm
00:51 Farm
01:28 Farm
01:40 Scout Tower
02:14 Arcane Vault
02:21 Arcane Tower
02:44 Farm
03:49 Town Hall
03:57 Scout Tower
03:58 Scout Tower
04:17 Lumber Mill
04:56 Farm
05:45 Guard Tower
05:52 Keep
06:32 Keep
07:03 Blacksmith
07:39 Farm
07:40 Farm
07:41 Farm
07:42 Farm
07:43 Farm
07:44 Farm
08:56 Castle
09:03 Gryphon Aviary
09:04 Gryphon Aviary
09:05 Gryphon Aviary
09:46 Farm
09:47 Farm
09:48 Farm
09:54 Scout Tower
09:55 Scout Tower
09:55 Scout Tower
09:56 Scout Tower
09:57 Scout Tower
09:58 Scout Tower
09:59 Scout Tower
10:01 Scout Tower
10:02 Scout Tower
10:03 Scout Tower
10:04 Scout Tower
10:05 Scout Tower
10:07 Scout Tower
10:09 Scout Tower
10:10 Scout Tower
10:11 Scout Tower
10:13 Scout Tower
10:35 Guard Tower
10:48 Lumber Mill
11:08 Guard Tower
12:36 Guard Tower
12:55 Farm
13:12 Guard Tower
15:12 Guard Tower
16:39 Scout Tower
16:40 Scout Tower
16:40 Scout Tower
16:40 Scout Tower
16:40 Scout Tower
16:41 Scout Tower
16:41 Scout Tower
16:42 Scout Tower
16:42 Scout Tower
17:21 Guard Tower
17:39 Guard Tower
18:58 Guard Tower
19:20 Scout Tower
19:20 Scout Tower
19:21 Scout Tower
19:21 Scout Tower
19:21 Scout Tower
19:22 Scout Tower
19:23 Scout Tower
19:58 Guard Tower
19:58 Guard Tower
21:23 Town Hall
21:48 Arcane Vault
» items
| Scroll of Regeneration | 4 | |
| Lesser Clarity Potion | 1 | |
| Potion of Mana | 1 | |
| Orb of Fire | 1 | |
| Potion of Lesser Invulnerability | 1 | |
| Staff of Teleportation | 1 | |
| Scroll of Town Portal | 2 | |
11 total

»
fjhuiaxcu8s (
teal | 54 APM | 794 actions | 14:49)
4 Dreadlord
2 Sleep
2 Vampiric Aura
» actions
| Assign group hotkey | 14 | |
| Basic commands | 55 | |
| Build / train | 64 | |
| ESC pressed | 6 | |
| Enter build submenu | 29 | |
| Enter hero's abilities submenu | 4 | |
| Give item / drop item | 1 | |
| Right click | 285 | |
| Select / deselect | 184 | |
| Select group hotkey | 93 | |
| Use ability | 59 | |
794 total
» units
| Acolyte | 2 | |
| Peasant | 6 | |
| Ghoul | 10 | |
| Siege Engine | 10 | |
| Necromancer | 9 | |
| Meatwagon | 3 | |
40 total
» upgrades
| Unholy Armor | 2 | |
| Skeletal Longevity | 1 | |
| Necromancer Training | 2 | |
| Plating | 2 | |
| Barrage | 1 | |
| Lumber Harvesting | 1 | |
| Skeletal Mastery | 1 | |
| Exhume Corpses | 1 | |
11 total
» buildings
| Crypt | 1 | |
| Altar of Darkness | 1 | |
| Ziggurat | 6 | |
| Lumber Mill | 1 | |
| Farm | 10 | |
| Altar of Kings | 1 | |
| Graveyard | 1 | |
| Scout Tower | 2 | |
| Keep | 1 | |
| Halls of the Dead | 1 | |
| Tomb of Relics | 1 | |
| Blacksmith | 1 | |
| Guard Tower | 2 | |
| Castle | 1 | |
| Workshop | 2 | |
| Arcane Vault | 1 | |
| Black Citadel | 1 | |
| Temple of the Damned | 2 | |
| Spirit Tower | 2 | |
| Slaughterhouse | 1 | |
39 total
» build order
00:12 Crypt
00:16 Altar of Darkness
00:39 Ziggurat
01:18 Lumber Mill
01:45 Farm
01:51 Altar of Kings
02:10 Ziggurat
02:19 Graveyard
02:27 Farm
02:42 Scout Tower
02:47 Keep
03:13 Halls of the Dead
03:37 Tomb of Relics
03:44 Blacksmith
04:13 Guard Tower
04:16 Scout Tower
05:11 Castle
05:15 Workshop
05:17 Workshop
05:21 Arcane Vault
05:35 Black Citadel
05:53 Temple of the Damned
06:16 Ziggurat
06:18 Ziggurat
06:21 Spirit Tower
08:12 Temple of the Damned
09:41 Slaughterhouse
10:18 Farm
10:20 Farm
10:22 Farm
10:24 Farm
10:29 Guard Tower
10:49 Ziggurat
10:53 Spirit Tower
11:47 Farm
11:50 Farm
11:52 Farm
11:53 Farm
12:22 Ziggurat
xXTheYoshiXx (
yellow | 48 APM | 1267 actions | 26:35)
3 Goblin Alchemist
2 Acid Bomb
1 Chemical Rage
3 Beastmaster
2 Summon Bear
1 Summon Hawk
» actions
| Assign group hotkey | 21 | |
| Basic commands | 3 | |
| Build / train | 50 | |
| Enter build submenu | 12 | |
| Enter hero's abilities submenu | 6 | |
| Give item / drop item | 4 | |
| Right click | 794 | |
| Select / deselect | 231 | |
| Select group hotkey | 51 | |
| Use ability | 95 | |
1267 total
» units
| Peasant | 9 | |
| Priest | 13 | |
| Siege Engine | 1 | |
| Necromancer | 4 | |
27 total
» upgrades
» buildings
| Altar of Kings | 1 | |
| Farm | 14 | |
| Keep | 3 | |
| Arcane Vault | 2 | |
| Castle | 1 | |
| Arcane Sanctum | 1 | |
| Lumber Mill | 1 | |
23 total
» build order
01:09 Altar of Kings
01:15 Farm
01:59 Keep
01:59 Keep
01:59 Keep
02:21 Arcane Vault
02:26 Farm
02:28 Farm
04:15 Farm
04:38 Arcane Vault
04:45 Farm
04:46 Farm
04:48 Farm
04:49 Farm
04:50 Farm
04:51 Farm
05:41 Castle
06:50 Farm
06:52 Farm
06:53 Farm
06:55 Farm
07:02 Arcane Sanctum
07:12 Lumber Mill
» items
| Periapt of Vitality | 3 | |
| Boots of Speed | 2 | |
| Staff of Teleportation | 1 | |
| Scroll of Regeneration | 1 | |
| Scroll of Healing | 2 | |
9 total
Chat log
(03:49 / Allies) CHRISTMASTIME: wood
(05:05 / Allies) CHRISTMASTIME: wood
(05:35 / Allies) CHRISTMASTIME: i got griffs tanks
(05:36 / Allies) CHRISTMASTIME: copters
(10:37 / Allies) CHRISTMASTIME: wood
(11:21 / Allies) CHRISTMASTIME: lets hit oj when we hit
(11:22 / Allies) CHRISTMASTIME: he is new
(12:36 / Allies) CHRISTMASTIME: wood
(13:19 / Allies) CHRISTMASTIME: WOOD
(13:20 / Allies) CHRISTMASTIME: WOOD
(14:44 / Allies) xXTheYoshiXx: b
(15:03 / Allies) CHRISTMASTIME: red is my friend
(15:05 / Allies) CHRISTMASTIME: he is gonna stab
(16:40 / Allies) xXTheYoshiXx: wow fuck you losers
(16:43 / Allies) xXTheYoshiXx: get some units
(17:48 / Allies) CHRISTMASTIME: NOT RED
(17:50 / Allies) CHRISTMASTIME: DO NO THIT RED
(18:28 / Allies) xXTheYoshiXx: hide buildings
(19:02 / Allies) CHRISTMASTIME: red is stabbing now
(20:28 / All) BLAizED: noobs
(20:40 / All) BLAizED: need red to bs us
(20:46 / All) BLAizED: to win
(22:18 / All) BLAizED: red u suck dick
(22:34 / All) daci-travkeyes: so
(22:39 / All) daci-travkeyes: u all are noobs who cheat
(22:40 / All) daci-travkeyes: nice
(22:42 / All) daci-travkeyes: ahve fun
(22:52 / All) Kim.Jong.Il: oj called me a noob
(22:57 / All) Kim.Jong.Il: he lost his hero to kobolds
(23:03 / All) Kim.Jong.Il: I suddenly don't want to give him the win
(23:10 / All) BLAizED: lol u faggot red
(23:11 / All) BLAizED: stfu
(23:15 / All) BLAizED: u dont deserve to spea
(23:17 / All) CHRISTMASTIME: purp u got rpaed nigger
(23:18 / All) Kim.Jong.Il: I never said you could speak, purple
(23:22 / All) CHRISTMASTIME: purple got raped lalw
(23:24 / Allies) xXTheYoshiXx: kill the warden
(23:27 / All) BLAizED: lol stfu green
(23:30 / All) BLAizED: got red to bs us
(23:32 / All) BLAizED: probably
(23:34 / All) BLAizED: u dirty nigger
(23:35 / All) CHRISTMASTIME: i rapedur army purp
(23:37 / All) CHRISTMASTIME: leave
(23:38 / All) CHRISTMASTIME: noob
(23:40 / All) BLAizED: somthing a nigger would do
(23:45 / All) BLAizED: fuck u
(23:45 / All) CHRISTMASTIME: purp u should feel embarassed
(23:48 / All) CHRISTMASTIME: dryad massing noob
(23:52 / All) BLAizED: yeah i dont
(23:53 / All) BLAizED: though
(23:56 / All) BLAizED: lol cuz i know
(23:58 / All) BLAizED: what the fuck happend
(24:00 / All) BLAizED: u fuckin noob
(24:01 / All) Kim.Jong.Il: now purp is stabbing me
(24:06 / All) CHRISTMASTIME: u fed me 4 levels purple
(24:10 / All) CHRISTMASTIME: ur pride is embarrased
(24:11 / All) Kim.Jong.Il: dryads do shit to buildings
(24:27 / Allies) xXTheYoshiXx: hell yeah fountains lol
(24:41 / All) BLAizED: get some
(24:42 / All) BLAizED: bitch
(24:53 / All) BLAizED: lol
(24:56 / All) BLAizED: I knew it
(25:21 / All) Kim.Jong.Il: and i am aka drayen
(25:23 / All) BLAizED: yeah okay there
(25:33 / All) Kim.Jong.Il: raped
(25:51 / All) Kim.Jong.Il: not feeding yet
(25:52 / All) Kim.Jong.Il: ressing hero
(26:11 / Allies) xXTheYoshiXx: stop faggot
(26:23 / All) CHRISTMASTIME: yellow loses only one left
(26:30 / All) Kim.Jong.Il: yes
(26:33 / All) Kim.Jong.Il: I shall leave